 Dungeon Crawl Stone Soup version 0.27-a0-1182-gee19b5822f (webtiles) character file.

Game seed: 12043153815636553275

20 DasRunzen the Ducker (level 2, -1/24 HPs)
             Began as a Demigod Gladiator on May 18, 2021.
             Slain by an adder (4 damage)
             ... on level 1 of the Dungeon.
             The game lasted 00:00:43 (975 turns).

DasRunzen the Ducker (Demigod Gladiator)             Turns: 975, Time: 00:00:44

Health: -1/24      AC:  4    Str: 15    XL:     2   Next: 42%
Magic:  4/4        EV: 12    Int: 10    God:
Gold:   70         SH:  0    Dex: 15    Spells: 1/1 levels left

rFire    . . .     SeeInvis .   a - +0 trident
rCold    . . .     Faith    .   (no shield)
rNeg     . . .     Spirit   .   b - +0 leather armour
rPois    .         Reflect  .   c - +0 helmet
rElec    .         Harm     .   (no cloak)
rCorr    .         Rampage  .   (no gloves)
Will     .....                  (no boots)
Stlth    +.........             (no amulet)
HPRegen  0.08/turn              (no ring)
MPRegen  0.09/turn              (no ring)

@: lethally poisoned (-1 -> -2)
A: high mp 1, forlorn
a: no special abilities


You were on level 1 of the Dungeon.
You visited 1 branch of the dungeon, and saw 2 of its levels.

You collected 70 gold pieces.

Inventory:

Hand Weapons
 a - a +0 trident (weapon)
Missiles
 d - 3 throwing nets (quivered)
Armour
 b - a +0 leather armour (worn)
 c - a +0 helmet (worn)
Jewellery
 f - a ring of protection from cold
Potions
 e - a potion of curing {unknown}


   Skills:
 + Level 2.1 Fighting
 + Level 2.9 Polearms
 - Level 1.7 Throwing
 + Level 0.8 Armour
 + Level 2.9 Dodging


You had one spell level left.
You didn't know any spells.
Your spell library was empty.

Dungeon Overview and Level Annotations

Branches:
Dungeon (2/15)


Innate Abilities, Weirdness & Mutations

Your attributes grow dramatically as you level up.
You have an increased reservoir of magic. (+10% MP)
You shall have no god before yourself.


Message History

There is a stone staircase leading down here.
You climb downwards.
There is a stone staircase leading up here.
Found 23 arrows.
An adder comes into view.
The adder hisses angrily.
A kobold comes into view.
It is wielding a +1 short sword of freezing.
The kobold shouts!
You hear an angry hiss.
You closely miss the kobold. The kobold closely misses you.
The adder bites you but does no damage. The kobold hits you but does no damage.
You hit the adder but do no damage. The adder bites you.
The kobold barely misses you. The adder barely misses you.
You closely miss the adder. The adder bites you.
The kobold hits you with a +1 short sword of freezing.
The kobold freezes you.
An adder comes into view.
There are monsters nearby!
The adder hisses angrily.
The adder bites you.
There is a stone staircase leading up here.
The adder misses you. The adder closely misses you.
You climb upwards.
There is a stone staircase leading down here.
You closely miss the adder. The adder bites you.
You closely miss the adder. The adder barely misses you. The adder bites you.
You are poisoned.
The adder poisons you!
You closely miss the adder.
You feel sick. The adder closely misses you.
You puncture the adder!
The adder is severely wounded.
You feel sick. The adder bites you.
* * * LOW HITPOINT WARNING * * *
The adder closely misses you.
You closely miss the adder.
The adder is severely wounded.
You feel sick. The adder closely misses you.
You closely miss the adder.
The adder is severely wounded.
You feel sick. The adder bites you.
You die...

####.....#....#...###.....###.#
####.###.#.......#.#.#.##.##.##
.....# #.#........#.###.#.#.##
###### #....#.##..### ##...##
###.........# #...# #.#######.#
#...# #########.#######.# #...#
#.......#.#...S.#.#####...######
#.......#.#....@#.........#<>..#
#.......#.#.....#.........####..
#.......#.#.....#..............#
#.......#.#.....#.#####...######
#.......#.........##.........###
#######......#.#####.........##.
###########....# #.........###
#.).....# #.###### ####...######
##.#####.# #......# #......##.


You could see an adder.

Vanquished Creatures
  A dart slug (D:1)
  2 bats (D:1)
  4 endoplasms (D:1)
  A goblin (D:1)
  2 hobgoblins (D:1)
  2 jackals (D:1)
  2 kobolds (D:1)
14 creatures vanquished.

Notes
Turn   | Place    | Note
-------+----------+-------------------------------------------
     0 | D:1      | DasRunzen the Demigod Gladiator began the quest for the
                  | Orb.
     0 | D:1      | Reached XP level 1. HP: 17/17 MP: 3/3
   341 | D:1      | Reached XP level 2. HP: 24/24 MP: 4/4
   975 | D:1      | Slain by an adder

Illustrated notes

Levels and vault maps discovered:
D:1:      dpeg_arrival_tiny_k, layout_loops_cross
D:2:      layout_loops_ring, hellmonk_ecumenical_altar_heavens_door,
          minmay_vboxes

Skill      XL: |  1 |
---------------+----+-----
Fighting       | 2 |  2.1
Polearms       | |  2.9
Throwing       | |  1.7
Armour         | |  0.8
Dodging        | |  2.9

Action                   || total
-------------------------++-------
Melee: Trident           ||    50
 Stab: Sleeping          ||     1
Armor: Leather armour    ||    10
Dodge: Dodged            ||    29

Table legend: (Time is in decaauts)
 A = Elapsed time spent in this place.
 B = Non-inter-level travel time spent in this place.
 C = Inter-level travel time spent in this place.
 D = Time resting spent in this place.
 E = Time spent auto-exploring this place.
 F = Levels seen in this place.
 G = Mean time per level.
                   A        B        C        D        E       F      G
               +--------+--------+--------+--------+--------+-----+--------+
         Total |    982 |    932 |     50 |      0 |    820 |   2 |  491.0 |
       Dungeon |    982 |    932 |     50 |      0 |    820 |   2 |  491.0 |
               +--------+--------+--------+--------+--------+-----+--------+

Top non-repeatable levels by time:
     D:1: 967 daAuts
     D:2: 15 daAuts
